 Dungeon Crawl Stone Soup version 0.21.0-25-ge575cb9 (webtiles) character file.

58 Monsterracer the Digger (level 4, -1/27 HPs)
             Began as an Octopode Earth Elementalist on Jan 24, 2018.
             Slain by Terence
             ... wielding a +0 hand axe
              (7 damage)
             ... on level 2 of the Dungeon.
             The game lasted 00:04:26 (2935 turns).

Monsterracer the Digger (OpEE)                      Turns: 2935, Time: 00:04:27

Health: -1/27      AC:  1    Str:  7    XL:     4   Next: 1%
Magic:  2/8        EV: 19    Int: 18    God:
Gold:   79         SH:  0    Dex: 17    Spells: 2/8 levels left

rFire    . . .     SeeInvis .   e - +0 dagger
rCold    . . .     Gourm    .   (no shield)
rNeg     + . .     Faith    .   (helmet restricted)
rPois    .         Spirit   .   (no amulet)
rElec    .         Reflect  .   i - ring of positive energy {!d}
rCorr    .         Harm     .   (no ring)
MR       .....                  (no ring)
Stlth    ++++......             (no ring)
HPRegen  0.09/turn              (no ring)
MPRegen  0.11/turn              (no ring)
                                (no ring)
                                (no ring)

@: agile
A: almost no armour, stealthy swim, amphibious, 8 rings, constrict 8, camouflage
1, gelatinous body 1
a: no special abilities


You were on level 2 of the Dungeon.
You were hungry.

You visited 1 branch of the dungeon, and saw 2 of its levels.

You collected 79 gold pieces.

Inventory:

Hand Weapons
 e - a +0 dagger (weapon)
Missiles
 b - 34 stones (quivered)
Jewellery
 i - a ring of positive energy (left tentacle) {!d}
Scrolls
 a - a scroll of identify {unknown}
 f - 2 scrolls of remove curse {unknown}
Potions
 h - a potion of magic
Books
 d - a book of Geomancy

   Spells                             Type                      Level
   a - Sandblast                      Earth                        1
   b - Passwall                       Transmutation/Earth          2
   c - Stone Arrow                    Conjuration/Earth            3
   d - Petrify                        Transmutation/Earth          4
   e - Lee's Rapid Deconstruction     Earth                        5
Comestibles
 c - 2 rations


   Skills:
 - Level 2.0 Dodging
 - Level 2.6 Stealth
 + Level 2.7 Spellcasting
 - Level 1.0 Transmutations
 * Level 4.2 Earth Magic


You had 2 spell levels left.
You knew the following spells:

 Your Spells              Type           Power        Failure   Level  Hunger
a - Sandblast             Erth           ###...       3%          1    #......
c - Stone Arrow           Conj/Erth      ##....       22%         3    ###....
x - Passwall              Tmut/Erth      ##........   9%          2    ##.....


Dungeon Overview and Level Annotations

Branches:
Dungeon (2/15)

Altars:

Annotations:
D:2 Sigmund, Terence


Innate Abilities, Weirdness & Mutations

You cannot wear most types of armour.
You are very stealthy in the water. (Stealth+)
You are amphibious.
You can wear up to eight rings at the same time.
You can use your tentacles to constrict eight enemies at once.
Your skin changes colour to match your surroundings (Stealth+).
Your rubbery body absorbs attacks. (AC +1, EV +1)


Message History

There is a stone staircase leading down here.
Items here: $ )) ? [ a club; a short sword; a robe; a scroll labeled FAXOBBOGGA; 21 gold pieces You see here a club.
You see here a stone.
Terence asks, "Do you want it fast or slow?"
There is a stone staircase leading down here.
Items here: $ )) ? [ a club; a short sword; a robe; a scroll labeled FAXOBBOGGA; 21 gold pieces You see here a club.
You see here a stone.
A frilled lizard comes into view.
The frilled lizard hisses angrily.
There is a stone staircase leading down here.
Items here: $ )) ? [ a club; a short sword; a robe; a scroll labeled FAXOBBOGGA; 21 gold pieces You see here a club.
You see here a stone.
Terence says, "Time to say good-bye..."
There is a stone staircase leading down here.
Items here: $ )) ? [ a club; a short sword; a robe; a scroll labeled FAXOBBOGGA; 21 gold pieces You see here a club.
You see here a stone.
You see here a short sword.
Terence hits you with a hand axe.
* * * LOW HITPOINT WARNING * * *
You take 5 damage, and have 10/27 hp.
The frilled lizard bites you.
* * * LOW HITPOINT WARNING * * *
You take 1 damage, and have 9/27 hp.
It was a potion of agility.
You feel agile all of a sudden.
You closely miss the frilled lizard. You grab the frilled lizard.
You constrict the frilled lizard. The frilled lizard misses you.
You hit the frilled lizard but do no damage.
The frilled lizard is heavily wounded.
You constrict the frilled lizard.
You kill the frilled lizard!
Terence shouts, "Get ready for death!"
Casting: Sandblast
Confirm with . or Enter, or press ? or * to list all spells.
Okay, then.
Casting: Sandblast
Confirm with . or Enter, or press ? or * to list all spells.
Aiming: Stone Arrow
Press: ? - help, Shift-Dir - straight line, f/p - Terence
Aim: Terence, wielding a hand axe and wearing a shiny scale mail The stone arrow hits Terence.
Terence is lightly wounded.
Terence closely misses you.
You now have 5/8 mp.
Casting: Stone Arrow
Confirm with . or Enter, or press ? or * to list all spells.
Aiming: Sandblast
Press: ? - help, Shift-Dir - straight line, f/p - Terence
Aim: Terence, wielding a hand axe and wearing a shiny scale mail (lightly wounded)
The blast of sand hits Terence.
Terence is lightly wounded.
b - 35 stones Terence barely misses you.
You now have 4/8 mp.
Casting: Sandblast
Confirm with . or Enter, or press ? or * to list all spells.
Aiming: Sandblast
Press: ? - help, Shift-Dir - straight line, f/p - Terence
Aim: Terence, wielding a hand axe and wearing a shiny scale mail (lightly wounded)
The blast of sand hits Terence.
Terence is lightly wounded.
b - 34 stones Terence hits you with a hand axe.
* * * LOW HITPOINT WARNING * * *
You take 5 damage, and have 6/27 hp.
You now have 3/8 mp.
You aren't carrying any items that you can evoke.
You aren't carrying any items that you can evoke.
It was a potion of magic.
Magic courses through your body. Terence closely misses you.
MP restored: 8
Casting: Sandblast
Confirm with . or Enter, or press ? or * to list all spells.
Okay, then.
Casting: Sandblast
Confirm with . or Enter, or press ? or * to list all spells.
Aiming: Stone Arrow
Press: ? - help, Shift-Dir - straight line, f/p - Terence
Aim: Terence, wielding a hand axe and wearing a shiny scale mail (lightly wounded)
The stone arrow hits Terence.
Terence is lightly wounded.
Terence hits you but does no damage.
You now have 5/8 mp.
Casting: Stone Arrow
Confirm with . or Enter, or press ? or * to list all spells.
Aiming: Stone Arrow
Press: ? - help, Shift-Dir - straight line, f/p - Terence
Aim: Terence, wielding a hand axe and wearing a shiny scale mail (lightly wounded)
The stone arrow hits Terence.
Terence is moderately wounded.
You are feeling hungry.
Terence hits you with a hand axe!
You die...

#####......###.####..#####.#.##
#.....###..# #.# #..### #.#..#
#...###...## #.# #....# #.##.#
#...##...## #.# ###..###.##.#
#...#....# #.# #.........#
###......## #.# ####...#...
#.......## #.# ##..#..#
..#...### #@# #...#.. .##...#
#@# ##...## .##...# ### ##..##
###...# ###..## # #...# #......
##### #...... #..>).. #######


You could see Terence.

Vanquished Creatures
  2 adders (D:2)
  An ooze (D:2)
  4 bats
  3 giant cockroaches
  4 goblins
  5 hobgoblins
  5 kobolds
  A quokka (D:2)
  5 frilled lizards
  5 rats
35 creatures vanquished.

Notes
Turn   | Place    | Note
-------+----------+-------------------------------------------
     0 | D:1      | Monsterracer the Octopode Earth Elementalist began the quest for the Orb.
     0 | D:1      | Reached XP level 1. HP: 11/11 MP: 3/3
   275 | D:1      | Reached XP level 2. HP: 12/17 MP: 5/5
   279 | D:1      | HP: 8/17 [giant cockroach (2)]
  1116 | D:1      | HP: 8/17 [hobgoblin/club (1)]
  1700 | D:2      | Reached XP level 3. HP: 21/21 MP: 4/6
  1704 | D:2      | Learned a level 2 spell: Passwall
  1708 | D:2      | Learned a level 3 spell: Stone Arrow
  1727 | D:2      | Noticed Sigmund
  1737 | D:2      | HP: 6/21 [something/magic dart (8)]
  1743 | D:2      | HP: 1/21 [something/magic dart (6)]
  2086 | D:2      | Reached skill level 4 in Earth Magic
  2095 | D:2      | HP: 10/21 [poisoned by an adder]
  2102 | D:2      | HP: 9/21 [poisoned by an adder]
  2709 | D:2      | Reached XP level 4. HP: 19/27 MP: 8/8
  2743 | D:2      | Noticed Terence
  2753 | D:2      | HP: 12/27 [Terence/hand axe (2)]
  2758 | D:2      | HP: 2/27 [Terence/hand axe (7)]
  2908 | D:2      | HP: 10/27 [Terence/hand axe (6)]
  2932 | D:2      | HP: 6/27 [Terence/hand axe (5)]
  2935 | D:2      | Slain by Terence

Skill      XL: |  1  2  3 |
---------------+----------+-----
Earth Magic    | 4 |  4.2
Dodging        | |  2.0
Stealth        | |  2.6
Spellcasting   | |  2.7
Transmutations | |  1.0

Action                   |  1- 3 |  4- 6 || total
-------------------------+-------+-------++-------
Melee: Dagger            |    84 |     3 ||    87
       Constrict         |    24 |     2 ||    26
       Tentacles         |    12 |       ||    12
       Unarmed           |     3 |       ||     3
 Cast: Sandblast         |     6 |    10 ||    16
       Stone Arrow       |       |     3 ||     3
  Use: Potion            |       |     2 ||     2
 Stab: Sleeping          |     4 |       ||     4
  Eat: Chunk             |     5 |     1 ||     6
Armor: Skin              |     6 |       ||     6
Dodge: Dodged            |    51 |     6 ||    57

Vault maps used:
D:1:      minmay_arrival_radiant_lines, patterned_corridor
D:2:      grunt_temple_overflow_open, uniq_sigmund, uniq_terence
